 Dungeon Crawl Stone Soup version 0.30-a0-283-gf371ce1921 (webtiles) character file.

Game seed: 15465793965677966807

380 Bnni the Sneak (level 6, 0/42 HPs)
             Began as an Octopode Brigand on Oct 17, 2022.
             Was an Initiate of Gozag.
             Slain by Pikel
             ... wielding a +2 whip of flaming
              (8 damage)
             ... on level 4 of the Dungeon.
             The game lasted 00:05:05 (2568 turns).

Bnni the Sneak (Octopode Brigand)                   Turns: 2568, Time: 00:05:07

Health: 0/42       AC:  1    Str: 10    XL:     6   Next: 75%
Magic:  6/6        EV: 12    Int: 13    God:    Gozag
Gold:   356        SH:  4    Dex: 16    Spells: 5/5 levels left

rFire   . . .      SeeInvis .    g - +0 rapier
rCold   . . .      Faith    .    q - +0 buckler
rNeg    + . .      Spirit   .    (helmet restricted)
rPois   +          Reflect  .    (no amulet)
rElec   .          Harm     .    o - ring of poison resistance
rCorr   .          Rampage  .    B - ring of positive energy
Will    .....                    (no ring)
Stlth   +++++.....               (no ring)
HPRegen 0.27/turn                (no ring)
MPRegen 0.10/turn                (no ring)
                                 (no ring)
                                 (no ring)

@: gold aura, hasted, very quick
A: almost no armour, amphibious, 8 rings, camouflage 1, gelatinous body 1,
(nimble swimmer 1), tentacles
a: Renounce Religion, Potion Petition, Call Merchant, Bribe Branch


You were on level 4 of the Dungeon.
You worshipped Gozag.
Gozag was aware of your devotion.
You visited 1 branch of the dungeon, and saw 4 of its levels.

You collected 366 gold pieces.
You paid 10 gold pieces to Gozag.

Inventory:

Hand Weapons
 a - a +2 dagger
 g - a +0 rapier (weapon)
Missiles
 b - 9 poisoned darts (quivered)
 c - 3 curare-tipped darts
Armour
 q - a +0 buckler (worn)
 A - an orb of guile
Jewellery
 o - a ring of poison resistance (left tentacle)
 B - a ring of positive energy (right tentacle)
Wands
 t - a wand of flame (32)
Scrolls
 e - 2 scrolls of teleportation {unknown}
 f - a scroll of enchant armour {unknown}
 j - a scroll of silence {unknown}
 l - a scroll of torment {unknown}
 n - 2 scrolls of magic mapping {unknown}
 p - 3 scrolls of vulnerability {unknown}
 r - a scroll of noise {unknown}
 u - a scroll of enchant weapon {unknown}
 w - a scroll of amnesia {unknown}
 y - a scroll of acquirement {unknown}
 C - a scroll of fear {unknown}
Potions
 d - a potion of curing
 h - a potion of resistance
 i - 2 potions of mutation
 k - a potion of degeneration {unknown}
 m - a potion of lignification {unknown}
 s - a potion of heal wounds {unknown}
 v - a potion of haste
 x - 2 potions of magic
 z - a potion of cancellation {unknown}


   Skills:
 + Level 3.4 Fighting
 * Level 4.4 Short Blades
 - Level 2.0 Throwing
 - Level 1.0 Dodging
 * Level 7.7 Stealth
 + Level 1.9 Shields


You had 5 spell levels left.
You didn't know any spells.
Your spell library contained the following spells:

 Spells                   Type           Power      Damage    Failure   Level
 Kiss of Death            Conj/Necr      0%         2d5       38%         1
 Confusing Touch          Hex            0%         N/A       77%         3
 Vhi's Electric Charge    Tloc/Air       0%         N/A       77%         3
 Dispel Undead            Necr           0%         3d6       99%         4
 Arcjolt                  Conj/Air       0%         1d10      100%        5
 Maxwell's Capacitive Co  Air            0%         ∞         100%        8


Dungeon Overview and Level Annotations

Branches:
Dungeon (4/15)
 Temple: D:4-7

Altars:
Gozag

Annotations:
D:4 Pikel


Innate Abilities, Weirdness & Mutations

You cannot wear most types of armour.
You are amphibious.
You can wear up to eight rings at the same time.
Your skin changes colour to match your surroundings (Stealth+).
Your rubbery body absorbs attacks. (AC +1, EV +1)
((You are camouflaged when in or above water. (Stealth+)))
You have tentacles for arms and can constrict up to eight enemies at once.


Message History

You kill the orc!
You barely miss the orc. You grab the orc.
Your tentacle-slap misses the orc.
You squeeze the orc.
The orc is moderately wounded.
You constrict the orc, but do no damage.
The orc closely misses you.
You hit the orc but do no damage. You squeeze the orc.
You kill the orc!
A lemure comes into view.
Pikel is no longer distracted by gold.
The lemure shouts!
You hit the dart slug. You grab the dart slug.
You squeeze the dart slug, but do no damage.
The dart slug is moderately wounded.
You constrict the dart slug. You puncture the dart slug!
You kill the dart slug!
Pikel waves his whip at you.
The lemure is distracted by your dazzling golden aura.
The lemure shouts!
You hit Pikel. You grab Pikel.
Pikel is lightly wounded.
You constrict Pikel. You hit Pikel but do no damage.
Pikel is lightly wounded.
You constrict Pikel, but do no damage.
The lemure is no longer distracted by gold.
Pikel hits you with a +2 whip of flaming!
* * * LOW HITPOINT WARNING * * *
Pikel burns you.
* * * LOW HITPOINT WARNING * * *
The lemure is distracted by your dazzling golden aura.
The lemure shouts!
You hit Pikel.
Pikel is moderately wounded.
You constrict Pikel, but do no damage.
The lemure is no longer distracted by gold.
Pikel hits you with a +2 whip of flaming!
You die...
Your body crumbles into a pile of gold.

#....o ...... ...........
.......... .o....w# .
....o. ... #.#o# ......5.
##...#
......####..>#########
#.......5....K@.......
###....##5.############
#.......#.....# ..
#.............#########
##......................
.................######
#.#................#.#
.....................#
#.#..............##.......


You could see Pikel and 2 lemures.

Vanquished Creatures
  Sigmund (D:4)
  A lemure (D:4)
  A hound (D:4)
  An iguana (D:4)
  An orc wizard (D:3)
  A gnoll (D:2)
  4 adders
  3 worms
  A dart slug (D:4)
  12 orcs
  9 ball pythons
  10 endoplasms
  3 giant cockroaches
  3 goblins
  4 hobgoblins
  6 jackals
  4 kobolds
  4 quokkas
  3 bats
  A frilled lizard (D:1)
  6 rats
79 creatures vanquished.

Notes
Turn   | Place    | Note
-------+----------+-------------------------------------------
     0 | D:1      | Bnni the Octopode Brigand began the quest for the Orb.
     0 | D:1      | Reached XP level 1. HP: 14/14 MP: 1/1
   137 | D:1      | Reached XP level 2. HP: 19/19 MP: 2/2
   588 | D:1      | Reached XP level 3. HP: 24/24 MP: 3/3
   885 | D:1      | Reached skill level 6 in Stealth
  1017 | D:2      | Found an opulent altar of Gozag.
  1028 | D:2      | Became a worshipper of Gozag Ym Sagoz the Greedy
  1252 | D:2      | Reached XP level 4. HP: 25/30 MP: 4/4
  1749 | D:3      | Found a faded altar of an unknown god.
  1898 | D:3      | Found the +1 Delatra's gloves {ID++}
  1915 | D:3      | Reached XP level 5. HP: 23/36 MP: 5/5
  2149 | D:3      | Reached skill level 1 in Shields
  2478 | D:4      | Noticed Sigmund
  2481 | D:4      | Killed Sigmund
  2482 | D:4      | Reached skill level 7 in Stealth
  2482 | D:4      | Reached XP level 6. HP: 42/42 MP: 6/6
  2554 | D:4      | Noticed Pikel
  2568 | D:4      | Slain by Pikel

Illustrated notes

Levels and vault maps discovered:
D:1:      wander_arrival_abandoned_jail, layout_basic, minmay_cut_off
D:2:      layout_basic, basic_altar, cheibrodos_gnoll_hut
D:3:      layout_rooms, hellmonk_ecumenical_altar_zigzags,
          pf_guarded_unrand_delatra
D:4:      layout_rooms, serial_co_window_serial, co_window_of_opportunity_a,
          co_window_corner_a, co_window_corner_a, co_window_paths_b,
          co_window_paths_a, co_window_paths_c, co_window_corner_b,
          co_window_paths_c, co_window_sun, glass_columns_b, glass_columns_a,
          glass_columns_a, glass_columns_b, uniq_sigmund, uniq_pikel

Skill      XL: |  1  2  3  4  5 |
---------------+----------------+-----
Stealth        | 6 7 |  7.7
Short Blades   | 3 4 |  4.4
Shields        | 1 |  1.9
Fighting       | 3 |  3.4
Throwing       | |  2.0
Dodging        | |  1.0

Action                   |  1- 3 |  4- 6 || total
-------------------------+-------+-------++-------
Melee: Dagger            |     9 |       ||     9
       Constrict         |     9 |    20 ||    29
       Rapier            |    56 |    89 ||   145
       Tentacles         |     8 |    16 ||    24
       Punch             |       |     1 ||     1
  Use: Scroll            |       |     5 ||     5
       Potion            |       |     2 ||     2
 Stab: Sleeping          |    18 |    15 ||    33
       Distracted        |       |     2 ||     2
Armor: Skin              |     7 |     1 ||     8
Dodge: Dodged            |    25 |    27 ||    52
Block: Buckler           |     1 |    11 ||    12

Table legend: (Time is in decaauts)
 A = Elapsed time spent in this place.
 B = Non-inter-level travel time spent in this place.
 C = Inter-level travel time spent in this place.
 D = Time resting spent in this place.
 E = Time spent auto-exploring this place.
 F = Levels seen in this place.
 G = Mean time per level.
                   A        B        C        D        E       F      G
               +--------+--------+--------+--------+--------+-----+--------+
         Total |   2565 |   2533 |     32 |     77 |   1856 |   4 |  641.2 |
       Dungeon |   2565 |   2533 |     32 |     77 |   1856 |   4 |  641.2 |
               +--------+--------+--------+--------+--------+-----+--------+

Top non-repeatable levels by time:
     D:1: 1018 daAuts
     D:3: 733 daAuts
     D:2: 573 daAuts
     D:4: 240 daAuts
